 Dungeon Crawl Stone Soup version 0.28.0-53-g5a82cb258f (webtiles) character file.

Game seed: 4617902890581772392

1061 Plasmagod the Magician (level 8, 0/55 HPs)
             Began as a Djinni Hedge Wizard on July 18, 2022.
             Slain by a gnoll
             ... wielding a +0 halberd
              (11 damage)
             ... on level 5 of the Dungeon.
             The game lasted 00:09:30 (3577 turns).

Plasmagod the Magician (Djinni Hedge Wizard)        Turns: 3577, Time: 00:09:31

Health: 0/55       AC:  6    Str:  9    XL:     8   Next: 52%
Gold:   34         EV: 13    Int: 17    God:
                   SH:  0    Dex: 14

rFire   + + +      SeeInvis .   i - staff of fire
rCold   x . .      Faith    .   (no shield)
rNeg    . . .      Spirit   .   b - +0 robe
rPois   ∞          Reflect  .   c - +0 hat
rElec   .          Harm     .   (no cloak)
rCorr   .          Rampage  .   (no gloves)
Will    .....                   (boots unavailable)
Stlth   ++........              (no amulet)
HPRegen 0.18/turn               f - +4 ring of protection
MPRegen 0.00/turn               (no ring)

@: flying
A: sickness immunity, fire resistance 2, cold vulnerability 1, float, innate
caster, HP casting, extra vitality 1
a: no special abilities


You were on level 5 of the Dungeon.
You visited 1 branch of the dungeon, and saw 5 of its levels.

You collected 34 gold pieces.

Inventory:

Hand Weapons
 a - a +0 dagger
Armour
 b - a +0 robe (worn)
 c - a +0 hat (worn)
 m - an orb of mayhem
Magical Staves
 i - a staff of fire (weapon)
Jewellery
 f - a +4 ring of protection (left hand)
Scrolls
 d - a scroll of enchant weapon {unknown}
 e - a scroll of noise {unknown}
 g - 2 scrolls of identify {unknown}
 h - a scroll of summoning {unknown}
 k - a scroll of teleportation {unknown}
Potions
 j - a potion of degeneration {unknown}
 l - a potion of invisibility {unknown}


   Skills:
 + Level 2.3 Fighting
 + Level 1.7 Short Blades
 + Level 3.9 Dodging
 + Level 2.9 Stealth
 + Level 6.4 Spellcasting


You had one spell level left.
You knew the following spells:

 Your Spells              Type           Power      Damage    Failure   Level
a - Magic Dart            Conj           100%       1d8       1%          1
b - Blink                 Tloc           54%        N/A       1%          2
c - Call Imp              Summ           27%        N/A       1%          2
d - Slow                  Hex            100%       N/A       1%          1
e - Conjure Flame         Conj/Fire      40%        6-21      2%          3
f - Mephitic Cloud        Conj/Pois/Air  27%        N/A       2%          3
g - Summon Small Mammal   Summ           100%       N/A       1%          1
h - Searing Ray           Conj           54%        2d6       1%          2
i - Summon Guardian Gole  Hex/Summ       27%        N/A       2%          3
Your spell library was empty.

Dungeon Overview and Level Annotations

Branches:
Dungeon (6/15)
 Temple: D:4-7

Altars:
Qazlal

Shops:
D:1 (


Innate Abilities, Weirdness & Mutations

You are immune to sickness and miasma.
You are immune to poison.
Your flesh is very heat resistant. (rF++)
You are vulnerable to cold. (rC-)
You float through the air rather than walking.
You learn spells naturally, not from books.
Your magical power is your life essence.
You have superior vitality. (+4 MHP)


Message History

Flame seeps out of your guardian golem.
Your guardian golem is engulfed in blazing flames.
Flame seeps out of your guardian golem.
The water moccasin bites your guardian golem but does no damage.
Your guardian golem is engulfed in blazing flames.
Flame seeps out of your guardian golem.
The water moccasin bites your guardian golem but does no damage.
The water moccasin bites your guardian golem.
Flame seeps out of your guardian golem.
Your guardian golem is engulfed in blazing flames.
Your guardian golem disappears in a puff of smoke!
Your guardian golem explodes!
The fiery explosion engulfs the water moccasin!!!
The water moccasin dies!
You hear a shout! x4
You start resting.
A gnoll comes into view. It is wielding a +0 halberd.
Casting: Magic Dart (safe; 1% risk of failure)
Confirm with . or Enter, or press ? or * to list all spells.
A guardian golem appears, shielding your allies.
* * * LOW HITPOINT WARNING * * *
A gnoll comes into view. It is wielding a +0 flail.
The gnoll throws a throwing net.
The throwing net hits your guardian golem.
Your guardian golem is caught in the net!
Your guardian golem struggles against the net.
A gnoll comes into view. It is wielding a +0 whip.
Your guardian golem struggles against the net.
The gnoll moves out of view.
Casting: Summon Guardian Golem (dangerous; 2% risk of failure)
Confirm with . or Enter, or press ? or * to list all spells.
* * * LOW HITPOINT WARNING * * *
Your guardian golem struggles against the net.
Your guardian golem struggles against the net.
Your guardian golem struggles against the net.
Casting: Summon Small Mammal (safe; 1% risk of failure)
Confirm with . or Enter, or press ? or * to list all spells.
* * * LOW HITPOINT WARNING * * *
The gnoll hits you from afar with a +0 halberd!
You die...

.. .# .#
†# #g#
#9g##
#.r###
#@..#
##r....#
##....#
.... ###


You could see 2 gnolls, a friendly guardian golem (summoned, caught) and 2
friendly quokkas.

Vanquished Creatures
  Sigmund (D:2)
  A wyvern (D:5)
  Terence (D:2)
  An adder (D:2)
  A worm (D:2)
  5 ball pythons
  A bat (D:2)
  3 endoplasms
  A giant cockroach (D:1)
  4 goblins
  3 hobgoblins
  2 quokkas
  A frilled lizard (D:2)
  5 kobolds
  8 rats
38 creatures vanquished.

Vanquished Creatures (collateral kills)
  An endoplasm (D:2)
  A giant cockroach (D:2)
  A goblin (D:2)
3 creatures vanquished.

Vanquished Creatures (others)
  A two-headed ogre (D:5)
  A water moccasin (D:5)
2 creatures vanquished.

Grand Total: 43 creatures vanquished

Notes
Turn   | Place    | Note
-------+----------+-------------------------------------------
     0 | D:1      | Plasmagod the Djinni Hedge Wizard began the quest for the
                  | Orb.
     0 | D:1      | Reached XP level 1. HP: 15/15 MP: 0/0
   268 | D:1      | Reached XP level 2. HP: 20/21 MP: 0/0
   492 | D:1      | Found Yralen's Weapon Shoppe.
   527 | D:1      | Found a faded altar of an unknown god.
  1209 | D:1      | Reached skill level 3 in Spellcasting
  1224 | D:1      | Reached XP level 3. HP: 8/25 MP: 0/0
  1224 | D:1      | Learned a level 1 spell: Summon Small Mammal
  1694 | D:2      | Noticed Sigmund
  2314 | D:2      | Killed Sigmund
  2315 | D:2      | Reached skill level 4 in Spellcasting
  2315 | D:2      | Reached XP level 4. HP: 12/31 MP: 0/0
  2315 | D:2      | Reached XP level 5. HP: 13/36 MP: 0/0
  2315 | D:2      | Learned a level 2 spell: Searing Ray
  2507 | D:2      | Found a stormy altar of Qazlal.
  2561 | D:2      | Noticed Terence
  2597 | D:2      | Killed Terence
  2598 | D:2      | Reached XP level 6. HP: 9/41 MP: 0/0
  3194 | D:2      | Reached skill level 1 in Fighting
  3490 | D:3      | You are sucked into a shaft and drop 3 floors!
  3510 | D:6      | Noticed a necrophage
  3513 | D:6      | Noticed an ogre
  3514 | D:5      | Entered Level 5 of the Dungeon
  3514 | D:5      | Noticed a wyvern
  3519 | D:5      | Killed a wyvern
  3519 | D:5      | Noticed a two-headed ogre
  3520 | D:5      | Reached skill level 1 in Short Blades
  3520 | D:5      | Reached XP level 7. HP: 14/47 MP: 0/0
  3520 | D:5      | Learned a level 3 spell: Summon Guardian Golem
  3524 | D:5      | Killed a two-headed ogre
  3525 | D:5      | Reached skill level 6 in Spellcasting
  3525 | D:5      | Reached XP level 8. HP: 9/54 MP: 0/0
  3577 | D:5      | Slain by a gnoll

Illustrated notes

Levels and vault maps discovered:
D:1:      shiori_arrival_maze, layout_loops_cross, serial_shops, shop,
          dilly_ecumenical_altar_fadedgnrine
D:2:      layout_basic, basic_altar, uniq_terence, uniq_sigmund
D:3:      layout_loops_ring, st_stairs_4
D:5:      layout_layer_cave
D:6:      layout_cave_pools

Skill      XL: |  1  2  3  4  5  6  7 |
---------------+----------------------+-----
Spellcasting   | 3 4 6 |  6.4
Stealth        | 2 |  2.9
Fighting       | 1 2 |  2.3
Dodging        | 3 |  3.9
Short Blades   | 1 |  1.7

Action                   |  1- 3 |  4- 6 |  7- 9 || total
-------------------------+-------+-------+-------++-------
Melee: Dagger            |    56 |       |       ||    56
       Staff             |       |     5 |       ||     5
 Cast: Magic Dart        |    47 |    33 |     3 ||    83
       Summon Small Mamm |     9 |     7 |     3 ||    19
       Call Imp          |     4 |     2 |       ||     6
       Slow              |     2 |     1 |       ||     3
       Searing Ray       |       |     3 |       ||     3
       Summon Guardian G |       |       |     3 ||     3
Armor: Robe              |     8 |     3 |       ||    11
Dodge: Dodged            |    29 |    10 |       ||    39
